 Dungeon Crawl Stone Soup version 0.29.0-4-gdea44cf6ec (webtiles) character file.

Game seed: 9557206474219219604

3122 qw the Blocker (level 9, -1/80 HPs)
             Began as a Troll Cinder Acolyte on Sept 1, 2022.
             Was a Priest of Ignis.
             Slain by a death yak (20 damage)
             ... on level 8 of the Dungeon.
             The game lasted 00:02:56 (5786 turns).

qw the Blocker (Troll Cinder Acolyte)               Turns: 5786, Time: 00:02:56

Health: -1/80      AC: 11    Str: 36    XL:     9   Next: 60%
Magic:  9/9        EV:  7    Int: 10    God:    Ignis [***...]
Gold:   175        SH: 14    Dex:  7    Spells: 10/10 levels left

rFire   + . .      SeeInvis .     - Unarmed
rCold   . . .      Faith    .   d - +0 tower shield "Vedghaamu" {Str+2 Dex+2}
rNeg    . . .      Spirit   .   a - +0 robe
rPois   .          Reflect  .   (helmet restricted)
rElec   .          Harm     .   (no cloak)
rCorr   .          Rampage  .   (gloves unavailable)
Will    .....                   (boots unavailable)
Stlth   +.........              n - amulet of regeneration
HPRegen 1.83/turn               i - +6 ring of strength
MPRegen 0.11/turn               (no ring)

@: about to teleport, fiery-armoured
A: large, unfitting armour, claws 3, regeneration 1, shaggy fur 1, tough skin 1
a: Renounce Religion, Fiery Armour, Foxfire Swarm, Rising Flame


You were on level 8 of the Dungeon.
You worshipped Ignis.
Ignis was most pleased with you.
You visited 1 branch of the dungeon, and saw 8 of its levels.

You collected 229 gold pieces.
You spent 54 gold pieces at shops.


Innate Abilities, Weirdness & Mutations

You are too large for most types of armour.
You have claws for hands.
Your natural rate of healing is unusually fast.
You are covered in fur. (AC +1)
You have tough skin. (AC +1)


   Skills:
 - Level 2.4 Fighting
 - Level 1.6 Throwing
 - Level 1.0 Dodging
 + Level 9.6 Shields
 - Level 8.5 Unarmed Combat
 - Level 1.0 Spellcasting
 - Level 2.1 Fire Magic


You had 10 spell levels left.
You didn't know any spells.
Your spell library contained the following spells:

 Spells                   Type           Power      Damage    Failure   Level
 Scorch                   Fire           8%         2d5       65%         2

Inventory:

Missiles
 g - 2 javelins (quivered)
Armour
 a - a +0 robe (worn)
 d - the +0 tower shield "Vedghaamu" (worn) {Str+2 Dex+2}
   (You acquired it on level 3 of the Dungeon)

   Str:       It affects your strength (+2).
   Dex:       It affects your dexterity (+2).
Jewellery
 i - a +6 ring of strength (left claw)
 n - an amulet of regeneration (around neck)
Scrolls
 e - a scroll of identify
 l - a scroll of teleportation
Potions
 f - 2 potions of heal wounds
 j - a potion of might {unknown}
 k - 2 potions of curing
 m - a potion of cancellation {unknown}
 o - a potion of haste
 p - a potion of mutation {unknown}

Dungeon Overview and Level Annotations

Branches:
Dungeon (8/15)             Temple (0/1) D:7
   Lair: D:8-11

Altars:
Dithmenos
Elyvilon
Gozag
Okawaru
Vehumet
Yredelemnul
Zin

Shops:
D:1 [   D:3 ([[*(

Annotations:
D:5 4 runed translucent doors, Crazy Yiuf; qw's ghost, amateur TeWr


Message History

The death yak snorts and paws the ground.
The death yak bellows!
You claw the death yak!
The death yak is moderately wounded.
You hear a shout! x2
The death yak gores you!!
You barely miss the death yak.
The death yak is moderately wounded.
The death yak bellows!
You hear a shout!
The death yak gores you but does no damage.
The death yak is burned by your cloak of flames.
The death yak is moderately wounded.
You claw the death yak!
The death yak is moderately wounded.
You block the death yak's attack.
You scratch the death yak but do no damage.
The death yak is moderately wounded.
The death yak gores you.
The death yak snorts and paws the ground.
You scratch the death yak but do no damage.
The death yak is moderately wounded.
A death yak comes into view.
The death yak gores you but does no damage.
You claw the death yak!
The death yak is heavily wounded.
The death yak snorts and paws the ground.
The death yak gores you!!
You scratch the death yak.
The death yak is heavily wounded.
You block the death yak's attack.
You scratch the death yak.
The death yak is heavily wounded.
The death yak gores you!
A death yak comes into view.
The death yak closely misses you.
5786 ||| READING 2 scrolls of teleportation.
As you read the scroll of teleportation, it crumbles to dust.
You feel strangely unstable. The death yak gores you!!
You die...

#<###...#
#...)...+
#####)..#
#...#####...
#........[..
#####...........
#...)..........#
#.##############
#@# #Y# #Y# #Y#


#YK YY## .K. ...Y .Y.. You could see 7 death yaks and 2 kobolds.

Vanquished Creatures
  Pikel (D:7)
  Prince Ribbit (D:7)
  Sigmund (D:3)
  A steam dragon (D:7)
  Eustachio (D:4)
  A water moccasin (D:7)
  An orc warrior (D:6)
  2 ice beasts
  An ogre (D:6)
  2 black bears
  A centaur (D:5)
  2 bullfrogs
  A necrophage (D:4)
  A gnoll sergeant (D:7)
  2 scorpions (D:4)
  2 bullfrog zombies (D:5)
  5 hounds
  A jelly (D:4)
  3 orc priests
  4 iguanas
  Natasha (thrice) (D:3)
  3 orc wizards
  15 gnolls
  11 adders
  2 white imps (D:6)
  An ufetubus (D:5)
  A worm (D:2)
  5 dart slugs
  13 orcs
  5 ball pythons
  6 bats
  3 endoplasms
  A giant cockroach (D:4)
  12 goblins
  2 hobgoblins (D:1)
  3 jackals (D:1)
  5 kobolds
  4 quokkas
  4 frilled lizards
  3 rats
136 creatures vanquished.

Notes
Turn   | Place    | Note
-------+----------+-------------------------------------------
     0 | D:1      | qw the Troll Cinder Acolyte began the quest for the Orb.
     0 | D:1      | Reached XP level 1. HP: 22/22 MP: 1/1
     0 | D:1      | 0 ||| qw: Version: 0.1-a-97-g2dd2ca4
     0 | D:1      | 0 ||| qw: Game counter: 4898
     0 | D:1      | 0 ||| qw: Always use a shield: true
     0 | D:1      | 0 ||| qw: God list: Okawaru
     0 | D:1      | 0 ||| qw: Allow faded altars: false
     0 | D:1      | 0 ||| qw: Do Orc after D:15 true
     0 | D:1      | 0 ||| qw: Do second Lair branch before Depths: true
     0 | D:1      | 0 ||| qw: Lair rune preference: random
     0 | D:1      | 0 ||| qw: Plans: Normal
     0 | D:1      | 0 ||| PLANNING D:1-11
    39 | D:1      | 39 ||| Stepping ~*~*~tactically~*~*~ (outnumbered).
    59 | D:1      | 59 ||| Stepping ~*~*~tactically~*~*~ (stealth).
    60 | D:1      | 60 ||| Stepping ~*~*~tactically~*~*~ (stealth).
    61 | D:1      | 61 ||| Stepping ~*~*~tactically~*~*~ (stealth).
    62 | D:1      | 62 ||| Stepping ~*~*~tactically~*~*~ (stealth).
   100 | D:1      | Reached XP level 2. HP: 29/29 MP: 2/2
   182 | D:1      | Found Plog's Antique Armour Shoppe.
   203 | D:1      | 203 ||| SHOPLISTING glowing robe (103 gold, have 47).
   203 | D:1      | 203 ||| SHOPLISTING kite shield (126 gold, have 47).
   335 | D:1      | Found a faded altar of an unknown god.
   573 | D:1      | 573 ||| READING scroll labelled UNGI MONUUX.
   637 | D:2      | Reached XP level 3. HP: 36/36 MP: 3/3
   639 | D:2      | Found an iron altar of Okawaru.
   895 | D:2      | Identified the +6 hand axe "Joonyarr" {vorpal, rC+ Will+
                  | Str-2 Dex+8}
  1273 | D:2      | 1273 ||| READING scroll labelled ARGHANG USAASS.
  1277 | D:2      | 1277 ||| READING scroll labelled ERAUVA HYPN.
  1278 | D:2      | 1278 ||| READING scroll labelled KOUTHE IBA MEVEU.
  1342 | D:3      | Reached XP level 4. HP: 34/44 MP: 4/4
  1394 | D:3      | Found an opulent altar of Gozag.
  1462 | D:3      | Found Vapyar's General Store.
  1484 | D:3      | 1484 ||| BUYING +0 kite shield (54 gold).
  1484 | D:3      | Bought a +0 kite shield for 54 gold pieces
  1484 | D:3      | 1484 ||| SHOPLISTING ring "Inumuot" {rPois rF++ rC+ MP+9
                  | SInv} (895 gold, have 59).
  1495 | D:3      | Found Viuh Jatro's Armour Shoppe.
  1501 | D:3      | Found Giap's Armour Shoppe.
  1512 | D:3      | 1512 ||| SHOPLISTING +0 robe of positive energy (61 gold,
                  | have 59).
  1523 | D:3      | 1523 ||| SHOPLISTING +2 cloak (231 gold, have 59).
  1564 | D:3      | Found Jeqosk's Weapon Boutique.
  1594 | D:3      | Noticed Natasha
  1595 | D:3      | 1595 ||| Stepping ~*~*~tactically~*~*~ (hiding).
  1600 | D:3      | Killed Natasha
  1601 | D:3      | Reached skill level 1 in Throwing
  1707 | D:3      | Noticed Sigmund
  1714 | D:3      | Killed Sigmund
  1715 | D:3      | Reached skill level 6 in Unarmed Combat
  1715 | D:3      | Reached XP level 5. HP: 48/50 MP: 5/5
  1715 | D:3      | Reached XP level 6. HP: 57/59 MP: 6/6
  1744 | D:3      | Noticed Natasha
  1750 | D:3      | Killed Natasha
  1834 | D:3      | Found Maag's Antique Weapon Shoppe.
  1853 | D:3      | Noticed Natasha
  1854 | D:3      | 1854 ||| Stepping ~*~*~tactically~*~*~ (stealth).
  1856 | D:3      | 1856 ||| Stepping ~*~*~tactically~*~*~ (hiding).
  1877 | D:3      | Killed Natasha
  1913 | D:3      | 1913 ||| UPGRADING to +0 kite shield.
  1918 | D:3      | 1918 ||| READING scroll labelled TINEUXZUQU.
  1918 | D:3      | Identified a scroll of acquirement
  1918 | D:3      | 1918 ||| ACQUIRING +0 tower shield "Vedghaamu" {Str+2
                  | Dex+2}
  1918 | D:3      | Acquired the +0 tower shield "Vedghaamu" {Str+2 Dex+2}
  1920 | D:3      | 1920 ||| UPGRADING to +0 tower shield "Vedghaamu" {Str+2
                  | Dex+2}.
  1930 | D:3      | 1930 ||| DROPPING +0 kite shield.
  1931 | D:3      | 1931 ||| READING 4 scrolls labelled MATOPH KEPUE.
  1932 | D:3      | 1932 ||| READING scroll labelled OGIJOM AGISCHAT.
  1933 | D:3      | 1933 ||| DRINKING 2 yellow potions.
  1934 | D:3      | 1934 ||| DRINKING 2 murky sapphire potions.
  1935 | D:3      | 1935 ||| READING 2 scrolls of identify.
  1935 | D:3      | 1935 ||| IDENTIFYING metallic blue potion
  1936 | D:3      | 1936 ||| DROPPING potion of ambrosia.
  1937 | D:3      | 1937 ||| DROPPING potion of degeneration.
  1938 | D:3      | 1938 ||| DROPPING 3 scrolls of amnesia.
  1953 | D:4      | 1953 ||| PLANNING SEWER
  1971 | D:4      | 1971 ||| INVOKING Fiery Armour.
  1975 | D:4      | 1975 ||| Stepping ~*~*~tactically~*~*~ (outnumbered).
  1976 | D:4      | 1976 ||| Stepping ~*~*~tactically~*~*~ (outnumbered).
  1977 | D:4      | 1977 ||| Stepping ~*~*~tactically~*~*~ (outnumbered).
  1978 | D:4      | 1978 ||| Stepping ~*~*~tactically~*~*~ (outnumbered).
  1979 | D:4      | Reached skill level 1 in Shields
  1981 | D:4      | 1981 ||| Stepping ~*~*~tactically~*~*~ (outnumbered).
  1984 | D:4      | 1984 ||| Stepping ~*~*~tactically~*~*~ (outnumbered).
  1986 | D:4      | 1986 ||| Stepping ~*~*~tactically~*~*~ (outnumbered).
  1997 | D:4      | Reached skill level 2 in Shields
  1997 | D:4      | Reached XP level 7. HP: 65/66 MP: 7/7
  2034 | D:4      | 2034 ||| Stepping ~*~*~tactically~*~*~ (hiding).
  2161 | D:4      | Noticed Eustachio
  2183 | D:4      | Killed Eustachio
  2184 | D:4      | Reached skill level 3 in Shields
  2235 | D:4      | You fall into a shaft and drop 3 floors!
  2235 | D:7      | Found a staircase to the Ecumenical Temple.
  2246 | D:7      | 2246 ||| DRINKING 2 puce potions.
  2261 | D:6      | Reached skill level 4 in Shields
  2320 | D:6      | 2320 ||| DRINKING 2 fizzy red potions.
  2424 | D:6      | 2424 ||| DROPPING potion of berserk rage.
  2427 | D:6      | Found a shadowy altar of Dithmenos.
  2430 | D:5      | Entered Level 5 of the Dungeon
  2450 | D:5      | 2450 ||| DRINKING potion of curing.
  2450 | D:5      | 2450 ||| (to cure confusion)
  2513 | D:5      | 2513 ||| INVOKING Fiery Armour.
  2516 | D:5      | 2516 ||| Stepping ~*~*~tactically~*~*~ (outnumbered).
  2518 | D:5      | 2518 ||| Stepping ~*~*~tactically~*~*~ (outnumbered).
  2520 | D:5      | 2520 ||| Stepping ~*~*~tactically~*~*~ (outnumbered).
  2522 | D:5      | 2522 ||| Stepping ~*~*~tactically~*~*~ (outnumbered).
  2524 | D:5      | 2524 ||| Stepping ~*~*~tactically~*~*~ (outnumbered).
  2526 | D:5      | 2526 ||| Stepping ~*~*~tactically~*~*~ (outnumbered).
  2528 | D:5      | 2528 ||| Stepping ~*~*~tactically~*~*~ (outnumbered).
  2530 | D:5      | 2530 ||| Stepping ~*~*~tactically~*~*~ (outnumbered).
  2532 | D:5      | 2532 ||| Stepping ~*~*~tactically~*~*~ (outnumbered).
  2537 | D:5      | Reached skill level 5 in Shields
  2616 | D:5      | 2616 ||| UPGRADING to +6 ring of strength.
  2617 | D:5      | 2617 ||| READING scroll labelled ANIUCWEHAZXE.
  2625 | D:4      | 2625 ||| RIP SEWER
  2626 | D:4      | 2626 ||| PLANNING D:1-11
  2657 | D:4      | Found a radiant altar of Vehumet.
  2674 | D:4      | 2674 ||| Stepping ~*~*~tactically~*~*~ (hiding).
  2878 | D:4      | Reached XP level 8. HP: 69/74 MP: 8/8
  3115 | D:4      | 3115 ||| READING scroll of teleportation.
  3116 | D:4      | 3116 ||| INVOKING Fiery Armour.
  3446 | D:4      | 3446 ||| READING 2 scrolls labelled UNEADI WUSK.
  3447 | D:4      | 3447 ||| READING scroll labelled CAURAS XYAKHLI.
  3448 | D:4      | 3448 ||| READING 2 scrolls of identify.
  3448 | D:4      | 3448 ||| IDENTIFYING smoky blue potion
  3449 | D:4      | 3449 ||| DROPPING potion of attraction.
  3450 | D:4      | 3450 ||| DROPPING scroll of immolation.
  3514 | D:5      | Found a runed translucent gate.
  3514 | D:5      | Found a runed translucent gate.
  3514 | D:5      | Found a runed translucent gate.
  3514 | D:5      | Noticed qw's ghost (amateur TeWr)
  3516 | D:5      | Found a basalt altar of Yredelemnul.
  3517 | D:5      | 3517 ||| Stepping ~*~*~tactically~*~*~ (stealth).
  3530 | D:5      | Reached skill level 6 in Shields
  3640 | D:5      | Found a runed translucent door.
  3641 | D:5      | Noticed Crazy Yiuf
  3671 | D:5      | 3671 ||| Stepping ~*~*~tactically~*~*~ (hiding).
  4046 | D:5      | 4046 ||| Stepping randomly (stuck).
  4144 | D:6      | Found a white marble altar of Elyvilon.
  4298 | D:6      | 4298 ||| FLEEEEING.
  4414 | D:6      | 4414 ||| Stepping ~*~*~tactically~*~*~ (stealth).
  4419 | D:6      | Reached skill level 7 in Shields
  4625 | D:6      | 4625 ||| Stepping ~*~*~tactically~*~*~ (stealth).
  4637 | D:6      | Reached skill level 8 in Shields
  4849 | D:6      | 4849 ||| Stepping ~*~*~tactically~*~*~ (hiding).
  4855 | D:6      | 4855 ||| Stepping ~*~*~tactically~*~*~ (outnumbered).
  4975 | D:6      | 4975 ||| UPGRADING to amulet of regeneration.
  4980 | D:6      | 4980 ||| DRINKING 2 green potions.
  4981 | D:6      | 4981 ||| READING 2 scrolls of identify.
  4981 | D:6      | 4981 ||| IDENTIFYING bubbling yellow potion
  4982 | D:6      | 4982 ||| DROPPING potion of lignification.
  4983 | D:6      | 4983 ||| DROPPING potion of brilliance.
  5090 | D:7      | 5090 ||| Stepping ~*~*~tactically~*~*~ (hiding).
  5092 | D:7      | 5092 ||| Stepping ~*~*~tactically~*~*~ (hiding).
  5098 | D:7      | 5098 ||| Stepping ~*~*~tactically~*~*~ (outnumbered).
  5106 | D:7      | 5106 ||| INVOKING Fiery Armour.
  5119 | D:7      | Reached XP level 9. HP: 40/80 MP: 9/9
  5304 | D:7      | 5304 ||| INVOKING Fiery Armour.
  5307 | D:7      | Noticed Prince Ribbit
  5308 | D:7      | 5308 ||| Stepping ~*~*~tactically~*~*~ (outnumbered).
  5313 | D:7      | Reached skill level 9 in Shields
  5315 | D:7      | Reached skill level 1 in Dodging
  5315 | D:7      | 5315 ||| Stepping ~*~*~tactically~*~*~ (outnumbered).
  5319 | D:7      | 5319 ||| Stepping ~*~*~tactically~*~*~ (outnumbered).
  5326 | D:7      | Killed Prince Ribbit
  5508 | D:7      | Found a glowing silver altar of Zin.
  5557 | D:7      | Noticed Pikel
  5565 | D:7      | Killed Pikel
  5693 | D:7      | 5693 ||| READING scroll labelled UGECOTH ANTIE.
  5694 | D:7      | 5694 ||| READING 3 scrolls of identify.
  5694 | D:7      | 5694 ||| IDENTIFYING blue potion
  5695 | D:7      | 5695 ||| READING 2 scrolls of identify.
  5695 | D:7      | 5695 ||| IDENTIFYING fizzy cyan potion
  5696 | D:7      | 5696 ||| DROPPING potion of magic.
  5697 | D:7      | 5697 ||| DROPPING potion of invisibility.
  5734 | D:8      | 5734 ||| Stepping ~*~*~tactically~*~*~ (outnumbered).
  5749 | D:8      | 5749 ||| Stepping ~*~*~tactically~*~*~ (hiding).
  5750 | D:8      | 5750 ||| Stepping ~*~*~tactically~*~*~ (hiding).
  5768 | D:8      | Noticed a death yak
  5768 | D:8      | Noticed a death yak
  5769 | D:8      | 5769 ||| INVOKING Fiery Armour.
  5770 | D:8      | Noticed a death yak
  5772 | D:8      | Noticed a death yak
  5772 | D:8      | 5772 ||| Stepping ~*~*~tactically~*~*~ (stealth).
  5776 | D:8      | Noticed a death yak
  5777 | D:8      | 5777 ||| Stepping ~*~*~tactically~*~*~ (stealth).
  5782 | D:8      | Noticed a death yak
  5785 | D:8      | HP: 17/80 [death yak (15)]
  5785 | D:8      | Noticed a death yak
  5786 | D:8      | 5786 ||| READING 2 scrolls of teleportation.
  5786 | D:8      | Slain by a death yak

Levels and vault maps discovered:
D:1:      minmay_arrival_shoal_huts, layout_loops_ring,
          shapermc_ecumenical_altar_acropolis, serial_shops,
          nicolae_shop_overgrown_old_shop
D:2:      layout_loops_cross, basic_altar, chequers_serial_rivers_small_3,
          minmay_increasing_density
D:3:      layout_rooms, mainiacjoe_overflow_24_doors, serial_shops,
          nicolae_shop_bloodbath_and_beyond, nicolae_shop_crystal, shop,
          nicolae_shop_behind_doors, shop, uniq_sigmund, uniq_natasha
D:4:      kennysheep_big_flooded_room, layout_basic, fiery_altar_vehumet,
          cheibrodos_sewer_entry_drain, uniq_eustachio
D:5:      layout_loops_ring, nicolae_yredelemnul_ghost_church,
          uniq_crazy_yiuf_cottage
D:6:      layout_loops_corners, old_standard_altar, elyvilon_altar_3
D:7:      layout_loops_cross, mainiacjoe_overflow_concentric_impassable,
          temple_statues, due_unseen_surprise, uniq_prince_ribbit1, uniq_pikel
D:8:      layout_basic, mainiacjoe_overflow_boulevard,
          mainiacjoe_overflow_chevrons, dpeg_lair_monsters, patterned_corridor

Skill      XL: |  1  2  3  4  5  6  7  8  9 |
---------------+----------------------------+-----
Unarmed Combat | 4 5 6 7 8 |  8.5
Throwing       | 1 |  1.6
Shields        | 2 5 8 9 |  9.6
Dodging        | 1 |  1.0
Fighting       | |  2.4
Spellcasting   | |  1.0
Fire Magic     | |  2.1

Action                   |  1- 3 |  4- 6 |  7- 9 || total
-------------------------+-------+-------+-------++-------
Melee: Unarmed           |    97 |    66 |   240 ||   403
       Punch             |       |     1 |       ||     1
Throw: Javelin           |       |    13 |    45 ||    58
Invok: Fiery Armour      |       |     1 |     5 ||     6
  Use: Scroll            |     4 |     4 |    10 ||    18
       Potion            |       |     2 |     4 ||     6
Armor: Robe              |    28 |    28 |    54 ||   110
Dodge: Dodged            |    38 |    30 |    63 ||   131
Block: Tower shield      |       |    11 |   168 ||   179

Table legend:
 A = Non-vault XP
 B = Vault XP
 C = Vault XP percentage of total XP
 D = Non-vault monster count
 E = Vault monster count
 F = Vault count percentage of total count
                 A         B        C        D         E       F
            +---------+---------+-------+---------+---------+-------
      Total |    2909 |    1552 |  34.8 |     121 |      15 |  11.0
            +---------+---------+-------+---------+---------+-------
        D:1 |      34 |       0 |   0.0 |      18 |       0 |   0.0
        D:2 |      57 |       4 |   6.6 |      10 |       4 |  28.6
        D:3 |     240 |     278 |  53.7 |      14 |       2 |  12.5
        D:4 |     345 |     229 |  39.9 |      19 |       5 |  20.8
        D:5 |     495 |      89 |  15.2 |      21 |       2 |   8.7
        D:6 |     901 |       0 |   0.0 |      19 |       0 |   0.0
        D:7 |     750 |     952 |  55.9 |      15 |       2 |  11.8
        D:8 |      87 |       0 |   0.0 |       5 |       0 |   0.0
            +---------+---------+-------+---------+---------+-------
